 Dungeon Crawl Stone Soup version 0.22-a0-406-g9ff8d77 (webtiles) character file.

98 Mgcat the Charlatan (level 5, -16/29 HPs)
             Began as a Kobold Artificer on May 8, 2018.
             Killed themself with a badly aimed fireball (18 damage)
             ... on level 3 of the Dungeon.
             The game lasted 00:04:56 (2652 turns).

Mgcat the Charlatan (Kobold Artificer)              Turns: 2652, Time: 00:04:57

Health: -16/29     AC:  3    Str: 10    XL:     5   Next: 1%
Magic:  8/8        EV: 15    Int: 12    God:
Gold:   104        SH:  0    Dex: 16    Spells: 4/4 levels left

rFire    . . .     SeeInvis .   u - +3 dagger
rCold    . . .     Gourm    .   (shield restricted)
rNeg     . . .     Faith    .   b - +0 leather armour
rPois    .         Spirit   .   (no helmet)
rElec    .         Reflect  .   (no cloak)
rCorr    .         Harm     .   (no gloves)
MR       .....                  (no boots)
Stlth    ++........             (no amulet)
HPRegen  0.09/turn              (no ring)
MPRegen  0.11/turn              (no ring)

@: no status effects
A: small, carnivore
a: no special abilities


You were on level 3 of the Dungeon.
You were completely stuffed.

You visited 1 branch of the dungeon, and saw 3 of its levels.

You collected 104 gold pieces.

Inventory:

Hand Weapons
 u - a +3 dagger (weapon)
   (You found it on level 2 of the Dungeon)
Missiles
 p - a throwing net {=f, !d}
Armour
 b - a +0 leather armour (worn)
Wands
 c - a wand of flame (14)
 d - a wand of enslavement (14)
 e - a wand of random effects (15)
Scrolls
 a - 2 scrolls of noise {unknown}
 h - 5 scrolls of identify {unknown}
 i - a scroll of teleportation {unknown}
 j - a scroll of blinking {unknown}
 k - a scroll of fear {unknown}
 m - a scroll of magic mapping {unknown}
 s - a scroll of enchant weapon {unknown}
 t - 2 scrolls of random uselessness {unknown}
Potions
 l - a potion of degeneration {unknown}
 n - a potion of berserk rage {unknown}
 q - 2 potions of might {unknown}
 r - 2 potions of invisibility {unknown}
Comestibles
 f - 6 rations
 g - 2 chunks of flesh {@w0}


   Skills:
 - Level 1.1 Fighting
 + Level 2.8 Short Blades
   Level 1.8 Maces & Flails
 - Level 2.4 Dodging
 - Level 1.3 Stealth
 + Level 5.2 Evocations


You had 4 spell levels left.
You didn't know any spells.

Dungeon Overview and Level Annotations

Branches:
Dungeon (3/15)

Altars:

Annotations:
D:3 exclusion: Ijyb, Ijyb


Innate Abilities, Weirdness & Mutations

You are small and have problems with some larger weapons.
You are carnivorous and can eat meat at any time.


Message History

Your Evocations skill increases to level 5!
The orc wizard points at you and mumbles some strange words.
The magic dart hits you!
* * * LOW HITPOINT WARNING * * *
Evoke which item? (* to show all) (? for menu, Esc to quit)
Aiming: Enslavement
Press: ? - help, Shift-Dir - straight line, f - orc wizard
Aim: an orc wizard, wielding a dagger and wearing a robe (chance to defeat MR: 61%)
The orc wizard is charmed.
The orc wizard gestures at you while chanting.
The puff of flame hits your orc wizard.
Your orc wizard barely misses the orc wizard.
The orc wizard hits your orc wizard but does no damage.
Your orc wizard completely misses the orc wizard.
What are your orders? t - Shout!
Orders for allies: a - Attack new target. p - Attack previous target. r - Retreat! s - Stop attacking. g - Guard the area. f - Follow me.
Anything else - Cancel.
Retreat in which direction?
Press: ? - help, Dir - move target cursor, p - orc wizard Fall back!
The orc wizard hits your orc wizard but does no damage.
The orc wizard closely misses your orc wizard.
The orc wizard misses your orc wizard.
The orc wizard barely misses your orc wizard.
The orc wizard hits your orc wizard but does no damage.
Your orc wizard closely misses the orc wizard.
The orc wizard hits your orc wizard with a dagger.
Your orc wizard casts a spell at the orc wizard.
The magic dart hits the orc wizard.
The orc wizard barely misses your orc wizard.
Your orc wizard hits the orc wizard but does no damage.
The orc wizard hits your orc wizard but does no damage.
Your orc wizard closely misses the orc wizard.
The orc wizard points at you and mumbles some strange words.
Your orc wizard appears confused.
Your orc wizard misses you.
The orc wizard gestures at you while chanting.
Your orc wizard appears confused.
Your orc wizard misses you.
The orc wizard hits your orc wizard but does no damage.
Your orc wizard hits the orc wizard but does no damage.
The orc wizard hits your orc wizard with a dagger.
Your orc wizard barely misses the orc wizard.
The orc wizard hits your orc wizard but does no damage.
The orc wizard hits your orc wizard but does no damage.
The orc wizard hits your orc wizard with a dagger.
Your orc wizard closely misses the orc wizard.
The orc wizard hits your orc wizard with a dagger.
Your orc wizard hits you with a dagger.
* * * LOW HITPOINT WARNING * * *
The orc wizard hits your orc wizard with a dagger.
Your orc wizard hits the orc wizard with a dagger.
The orc wizard hits your orc wizard with a dagger.
The orc wizard hits your orc wizard with a dagger.
The orc wizard hits your orc wizard with a dagger.
Your orc wizard dies!
The orc wizard hits you but does no damage.
Things that are here:
a dagger; a robe; an orc corpse You hit the orc wizard.
The orc wizard is heavily wounded.
The orc wizard closely misses you.
You hit the orc wizard but do no damage.
The orc wizard is heavily wounded.
The orc wizard hits you with a dagger.
* * * LOW HITPOINT WARNING * * *
You barely miss the orc wizard.
The orc wizard is heavily wounded.
The orc wizard barely misses you.
You hit the orc wizard.
The orc wizard is severely wounded.
The orc wizard closely misses you.
You hit the orc wizard.
The orc wizard is almost dead.
The orc wizard points at you and mumbles some strange words.
The puff of flame hits you!
* * * LOW HITPOINT WARNING * * *
You closely miss the orc wizard.
The orc wizard is almost dead.
You hit the orc wizard.
The orc wizard is almost dead.
The orc wizard closely misses you.
Evoke which item? (* to show all) (? for menu, Esc to quit)
Aiming: Random Effects
Press: ? - help, Shift-Dir - straight line, f - orc
Aim: an orc, wielding a falchion The fireball explodes!
The fireball engulfs the orc wizard.
You kill the orc wizard!
The fireball engulfs the orc.
You kill the orc!
The fireball engulfs the orc.
You kill the orc!
You have reached level 5!
You feel agile. The fireball engulfs you!
Ouch! That really hurt!
You die...

##.##..##.#
#..#..##.#
#########.#..##(#
#......##.....#.#
#......###.#..#.#
#......# #)#..#.#
#......# #....#.#
#..[...###...##.#
#.....))@.....#.#
#.....)###....#.#
#......# #....#
#####o## ##..##
oo ##>.. o.# ####
.o. ....


There were no monsters in sight!

Vanquished Creatures
  An orc wizard (D:3)
  An adder (D:3)
  An ooze (D:1)
  A worm (D:2)
  A dart slug (D:1)
  2 leopard geckos (D:1)
  3 orcs (D:3)
  4 giant cockroaches
  3 goblins
  5 hobgoblins
  3 jackals (D:2)
  10 kobolds
  6 bats
  3 frilled lizards
  9 rats
53 creatures vanquished.

Vanquished Creatures (others)
  An orc wizard (D:3)
1 creature vanquished.

Grand Total: 54 creatures vanquished

Notes
Turn   | Place    | Note
-------+----------+-------------------------------------------
     0 | D:1      | Mgcat the Kobold Artificer began the quest for the Orb.
     0 | D:1      | Reached XP level 1. HP: 12/12 MP: 3/3
    43 | D:1      | Reached skill level 2 in Short Blades
    45 | D:1      | Reached XP level 2. HP: 10/16 MP: 4/4
   142 | D:1      | Reached skill level 4 in Evocations
   395 | D:1      | Reached skill level 1 in Maces & Flails
   395 | D:1      | Reached XP level 3. HP: 20/20 MP: 6/6
  1430 | D:2      | Reached XP level 4. HP: 15/25 MP: 7/7
  2325 | D:3      | Noticed Ijyb
  2347 | D:3      | HP: 6/25 [poisoned by an adder]
  2354 | D:3      | HP: 5/25 [poisoned by an adder]
  2362 | D:3      | HP: 3/25 [poisoned by an adder]
  2619 | D:3      | Reached skill level 5 in Evocations
  2639 | D:3      | HP: 6/25 [orc wizard/dagger (3)]
  2646 | D:3      | HP: 5/25 [orc wizard/dagger (1)]
  2649 | D:3      | HP: 1/25 [orc wizard/puff of flame (4)]
  2652 | D:3      | Reached XP level 5. HP: 2/29 MP: 8/8
  2652 | D:3      | Killed themself with a badly aimed fireball

Vault maps used:
D:1:      erik_arrival_cave_to_civilisation
D:2:      first_ration
D:3:      uniq_ijyb

Skill      XL: |  1  2  3  4 |
---------------+-------------+-----
Short Blades   | 2 |  2.8
Evocations     | 4 5 |  5.2
Maces & Flails | 1 |  1.8
Fighting       | |  1.1
Dodging        | |  2.4
Stealth        | |  1.3

Action                   |  1- 3 |  4- 6 || total
-------------------------+-------+-------++-------
Melee: Short sword       |    20 |       ||    20
       Whip              |    98 |    34 ||   132
       Dagger            |       |    21 ||    21
Evoke: Wand              |       |     2 ||     2
 Stab: Sleeping          |     7 |     2 ||     9
  Eat: Chunk             |    10 |     4 ||    14
Armor: Leather armour    |    20 |    11 ||    31
Dodge: Dodged            |    66 |    45 ||   111

Table legend:
 A = Spawn XP
 B = Non-spawn XP
 C = Spawn XP percentage of total XP
 D = Spawn monster count
 E = Non-spawn monster count
 F = Spawn count percentage of total count
 G = Total turns spent on level
                    A         B        C        D         E        F      G
               +---------+---------+-------+---------+---------+-------+---------
         Total |       0 |     141 |   0.0 |       0 |      53 |   0.0 |  2652
               +---------+---------+-------+---------+---------+-------+---------
           D:1 |       0 |      48 |   0.0 |       0 |      26 |   0.0 |  1044
           D:2 |       0 |      30 |   0.0 |       0 |      15 |   0.0 |  1179
           D:3 |       0 |      63 |   0.0 |       0 |      12 |   0.0 |   429
               +---------+---------+-------+---------+---------+-------+---------

Vault maps used:
D:1:      erik_arrival_cave_to_civilisation
D:2:      first_ration
D:3:      uniq_ijyb

Table legend:
 A = Turns spent in this place as a percentage of turns spent in the entire game.
 B = Non-inter-level travel turns spent in this place as a percentage of non-inter-level travel turns spent in the entire game.
 C = Inter-level travel turns spent in this place as a percentage of turns spent in this place.
 D = Turns resting spent in this place as a percentage of non-inter-level travel turns spent in this place.
 E = Turns spent auto-exploring this place as a percentage of non-inter-level travel turns spent in this place.
 F = Non-inter-level travel turns spent in this place divided by the number of levels of this place that you've seen.
                   A       B       C       D       E      F
               +-------+-------+-------+-------+-------+----------------------
         Total | 100.0 | 100.0 |   6.8 |   1.5 |  81.7 | 823.7
       Dungeon | 100.0 | 100.0 |   6.8 |   1.5 |  81.7 | 823.7
               +-------+-------+-------+-------+-------+----------------------

Table legend:
 A = Kills in this place as a percentage of kills in entire the game.
 B = Kills by you in this place as a percentage of kills by you in the entire game.
 C = Kills by friends in this place as a percentage of kills by friends in the entire game.
 D = Other kills in this place as a percentage of other kills in the entire game.
 E = Experience gained in this place as a percentage of experience gained in the entire game.
 F = Experience gained in this place divided by the number of levels of this place that you have seen.
                   A       B       C       D       E      F
               +-------+-------+-------+-------+-------+----------------------
         Total | 100.0 | 100.0 |   N/A |   N/A | 100.0 |  47.0
       Dungeon | 100.0 | 100.0 |   N/A |   N/A | 100.0 |  47.0
               +-------+-------+-------+-------+-------+----------------------
